 Dungeon Crawl Stone Soup version 0.17-a0-776-gd86b262 (webtiles) character file.

4442 ahoge the Basher (level 10, 0/60 HPs)
             Began as a Gargoyle Berserker on Apr 25, 2015.
             Was a High Priest of Trog.
             Slain by a troll (7 damage)
             ... on level 9 of the Dungeon.
             The game lasted 00:34:21 (7183 turns).

ahoge the Basher (Gargoyle Berserker)               Turns: 7183, Time: 00:34:23

Health: 0/60       AC: 15    Str: 26    XL:     10   Next: 37%
Magic:  3/3        EV: 18    Int:  9    God:    Trog [*****.]
Gold:   529        SH:  0    Dex: 14    Spells: 0 memorised, 9 levels left

rFire  . . .     SeeInvis .     G - +3 great mace (antimagic)
rCold  . . .     Clarity  .     C - +5 robe of Nong {Str+6}
rNeg   + . .     SustAb   .     (no shield)
rPois  ∞         Gourm    .     y - +0 helmet
rElec  +         Spirit   .     (no cloak)
rCorr  .         Warding  .     (no gloves)
rMut   .         Stasis   .     (no boots)
MR     .....                    (no amulet)
Stlth  +.........               r - +3 ring of evasion
                                q - +2 ring of dexterity

@: exhausted, slowed, very slow, not resistant to hostile enchantments, very
unstealthy
A: negative energy resistance 1, electricity resistance, unbreathing,
petrification resistance, rot immunity, AC +7
a: Burn Spellbooks, Berserk, Trog's Hand, Brothers in Arms, Renounce Religion


You were on level 9 of the Dungeon.
You worshipped Trog.
Trog was extremely pleased with you.
You were not hungry.

You visited 1 branch of the dungeon, and saw 9 of its levels.

You collected 529 gold pieces.

Inventory:

Hand weapons
 a - a +0 mace
 p - a +0 whip
 G - a +3 antimagic great mace (weapon)
 N - a +3 morningstar
 O - a +0 dire flail
Armour
 v - a cursed +2 robe of cold resistance
 y - a +0 helmet (worn)
 A - a +3 leather armour
 C - the +5 robe of Nong (worn) {Str+6}
   (You found it on level 7 of the Dungeon)

   It affects your strength (+6).
Jewellery
 q - a +2 ring of dexterity (left hand)
 r - a +3 ring of evasion (right hand)
 x - an uncursed ring of protection from cold
 E - an uncursed amulet of stasis {unknown}
 F - an uncursed ring of protection from fire
Magical devices
 H - a wand of magic darts (35)
Scrolls
 d - 3 scrolls of noise
 g - 2 scrolls of recharging
 l - 4 scrolls of remove curse
 m - 2 scrolls of fear
 n - a scroll of silence
 o - a scroll of fog
 s - 7 scrolls of identify
 t - a scroll of immolation
Potions
 e - 4 potions of curing
 i - a potion of haste {unknown}
 j - 2 potions of brilliance {unknown}
 u - a potion of heal wounds {unknown}
 z - 2 potions of flight {unknown}
 B - a potion of agility {unknown}
 D - a potion of invisibility {unknown}
 I - 3 potions of mutation {unknown}
 J - a potion of lignification {unknown}
 L - a potion of might {unknown}
 R - a potion of restore abilities {unknown}
Books
 b - a book of Summonings

   Spells                             Type                      Level
   a - Abjuration                     Summoning                    3
   b - Recall                         Summoning/Translocation      3
   c - Shadow Creatures               Summoning                    5
   d - Summon Demon                   Summoning                    5
   e - Summon Forest                  Summoning/Translocation      5
   f - Monstrous Menagerie            Summoning                    6
   Trog disapproves of the use of such an item.
 M - a book of Enchantments

   Spells                             Type                      Level
   a - Cause Fear                     Hexes                        4
   b - Silence                        Hexes/Air                    5
   c - Deflect Missiles               Charms/Air                   6
   d - Haste                          Charms                       6
   e - Discord                        Hexes                        8
   Trog disapproves of the use of such an item.
 P - a book of Death

   Spells                             Type                      Level
   a - Corpse Rot                     Necromancy                   2
   b - Sublimation of Blood           Necromancy                   2
   c - Agony                          Necromancy                   5
   d - Dispel Undead                  Necromancy                   5
   e - Excruciating Wounds            Charms/Necromancy            5
   f - Bolt of Draining               Conjuration/Necromancy       5
   Trog disapproves of the use of such an item.
Comestibles
 c - 6 bread rations
 f - 41 fruits
 h - a slice of pizza
 k - 8 meat rations
 w - 15 chunks of flesh
 K - 2 beef jerkies
 Q - a royal jelly


   Skills:
 + Level 5.7 Fighting
 + Level 12.0 Maces & Flails
 * Level 5.5 Armour
 + Level 5.4 Dodging


You had 9 spell levels left.
You didn't know any spells.

Dungeon Overview and Level Annotations

Branches:
Dungeon (9/15)             Temple (0/1) D:6
   Lair: D:8-11         Orc: D:9-12

Altars:
Ashenzari
Fedhas
Gozag
Makhleb
Nemelex Xobeh
Okawaru
Sif Muna
Trog
Yredelemnul

Shops:
D:4 %   D:5 :   D:7 *   D:8 *   D:9 (

Annotations:
D:7 Prince Ribbit


Innate Abilities, Weirdness & Mutations

You are resistant to torment.
Your stone body is resilient (AC +7).
You are immune to poison.
You resist negative energy.
You are resistant to electric shocks.
You can survive without breathing.
You are immune to petrification.
You are immune to rotting.


Message History

You are exhausted.
You feel yourself slow down.
You are feeling very hungry.
There is an open door here.
E - a glowing sapphire amulet
Things that are here:
a yak corpse x2
Eat one of 16 chunks of flesh? (ye/n/q/i?) This raw flesh tastes terrible.
You continue eating.
The troll closely misses you. The troll claws you.
* * * LOW HITPOINT WARNING * * *
The troll claws you.
* * * LOW HITPOINT WARNING * * *
The troll bites you but does no damage. The troll closely misses you.
The troll claws you.
* * * LOW HITPOINT WARNING * * *
You continue eating.
The troll bites you!
You die...

..... #+#
########
#........
+.....$...
#....<..
##########.....T.
#........#...#
#.....T..'...#
#....@#'##...#
###+###......#
#..#############
#..#............
#...............
#...............
+...............
#...............
################


You could see a troll.

Vanquished Creatures
  The ghost of Ontamu the Ruffian, an average NaTm (D:4)
  Sigmund (D:3)
  3 yaks (D:9)
  Menkaure (D:7)
  3 hungry ghosts
  The ghost of Ontamu the Conjurer, an average OpWz (D:3)
  2 sky beasts
  An ice beast (D:7)
  3 ogres
  A necrophage (D:8)
  5 orc warriors
  2 big kobolds
  3 giant frogs
  A water moccasin zombie (D:7)
  3 scorpions
  4 killer bees (D:8)
  4 wights (D:6)
  A crimson imp (D:9)
  4 orc priests
  A quasit (D:9)
  A jelly (D:9)
  13 orc wizards
  Ijyb (D:3)
  2 hounds
  3 worker ants
  An iguana (D:4)
  A hound zombie (D:9)
  A hound skeleton (D:8)
  11 adders
  A shadow imp (D:5)
  An adder zombie (D:3)
  2 worms
  A giant gecko (D:4)
  46 orcs
  7 bats
  2 bat skeletons
  A bat zombie (D:7)
  6 giant cockroaches
  9 hobgoblins
  20 jackals
  19 kobolds
  4 quokkas
  3 ball pythons
  6 giant newts
  12 goblins
  A jackal zombie (D:6)
  10 rats
  A ballistomycete (D:8)
231 creatures vanquished.

Vanquished Creatures (others)
  A giant spore (D:8)
1 creature vanquished.

Grand Total: 232 creatures vanquished

Notes
Turn   | Place    | Note
--------------------------------------------------------------
     0 | D:1      | ahoge, the Gargoyle Berserker, began the quest for the Orb.
     0 | D:1      | Reached XP level 1. HP: 14/14 MP: 1/1
   129 | D:1      | Reached XP level 2. HP: 9/19 MP: 2/2
   633 | D:2      | Reached skill level 4 in Maces & Flails
   633 | D:2      | Reached XP level 3. HP: 21/23 MP: 3/3
   654 | D:2      | Acquired Trog's second power
   892 | D:2      | Reached XP level 4. HP: 18/28 MP: 4/4
  1223 | D:2      | Reached skill level 5 in Maces & Flails
  1377 | D:3      | Noticed Sigmund
  1405 | D:3      | Killed Sigmund
  1405 | D:3      | Reached skill level 6 in Maces & Flails
  1405 | D:3      | Reached XP level 5. HP: 32/32 MP: 5/5
  1405 | D:3      | Reached XP level 6. HP: 37/37 MP: 6/6
  1500 | D:3      | Noticed Ontamu's ghost (average OpWz)
  1510 | D:3      | Killed Ontamu's ghost
  1510 | D:3      | Reached skill level 7 in Maces & Flails
  1867 | D:3      | Found a blossoming altar of Fedhas.
  1868 | D:3      | Noticed Ijyb
  1878 | D:3      | Killed Ijyb
  2096 | D:4      | Reached XP level 7. HP: 41/41 MP: 7/7
  2257 | D:4      | Found a bloodstained altar of Trog.
  2417 | D:4      | Reached skill level 8 in Maces & Flails
  2429 | D:4      | Noticed Ontamu's ghost (average NaTm)
  2444 | D:4      | Killed Ontamu's ghost
  2531 | D:4      | Reached skill level 9 in Maces & Flails
  2647 | D:4      | Reached XP level 8. HP: 40/46 MP: 8/8
  2868 | D:4      | Acquired Trog's third power
  2962 | D:4      | Found Axzuen's Food Emporium.
  3109 | D:5      | Entered Level 5 of the Dungeon
  3181 | D:5      | Found Soukhe's Book Boutique.
  3729 | D:5      | Reached skill level 10 in Maces & Flails
  4016 | D:6      | Found a shattered altar of Ashenzari.
  4115 | D:6      | Found a staircase to the Ecumenical Temple.
  5055 | D:7      | Reached skill level 11 in Maces & Flails
  5063 | D:7      | Reached XP level 9. HP: 51/51 MP: 9/9
  5104 | D:7      | Noticed Menkaure
  5111 | D:7      | Killed Menkaure
  5190 | D:7      | Got a tattered robe
  5202 | D:7      | Identified the +5 robe of Nong {Str+6} (You found it on level 7 of the Dungeon)
  5231 | D:7      | Noticed Prince Ribbit
  5380 | D:7      | Found an opulent altar of Gozag.
  5384 | D:7      | Found Gozag's Platinum Reserve.
  5808 | D:8      | Found Vaqu's General Store.
  6207 | D:8      | Found a basalt altar of Yredelemnul.
  6207 | D:8      | Found an iron altar of Okawaru.
  6367 | D:8      | Found a deep blue altar of Sif Muna.
  6409 | D:8      | Reached skill level 5 in Fighting
  6418 | D:8      | Received a gift from Trog
  6465 | D:8      | Reached XP level 10. HP: 59/59 MP: 3/10
  6624 | D:8      | Found a burning altar of Makhleb.
  6628 | D:8      | Reached skill level 5 in Armour
  6717 | D:9      | Found a sparkling altar of Nemelex Xobeh.
  6879 | D:9      | Found Ubasam's Antique Weapon Shoppe.
  6955 | D:9      | Reached skill level 5 in Dodging
  7171 | D:9      | Reached skill level 12 in Maces & Flails
  7183 | D:9      | Slain by a troll

Action                   |  1- 3 |  4- 6 |  7- 9 | 10-12 || total
-------------------------+-------+-------+-------+-------++-------
Melee: Mace              |    88 |       |       |       ||    88
       Whip              |    15 |   169 |   401 |       ||   585
       Morningstar       |       |       |   247 |       ||   247
       Great mace        |       |       |     3 |    77 ||    80
Invok: Berserk           |     1 |     4 |     5 |     1 ||    11
       Trog's Hand       |     1 |     3 |     5 |     1 ||    10
  Use: Scroll            |       |       |    12 |     1 ||    13
 Stab: Sleeping          |     1 |     1 |       |       ||     2
  Eat: Chunk             |     1 |     9 |    23 |     4 ||    37
